 Dungeon Crawl Stone Soup version 0.24.0-2-g5b39cebb1c (webtiles) character file.

Game seed: 15661468525332634368, levelgen mode: deterministic

3467 mopl the Conjurer (level 9, 0/62 HPs)
             Began as a Red Draconian Ice Elementalist on Oct 29, 2019.
             Was a Believer of Sif Muna.
             Slain by a killer bee (8 damage)
             ... on level 9 of the Dungeon.
             The game lasted 00:16:22 (7605 turns).

mopl the Conjurer (Red Draconian Ice Elementalist)  Turns: 7605, Time: 00:16:23

Health: 0/62       AC:  9    Str: 11    XL:     9   Next: 78%
Magic:  6/18       EV: 12    Int: 19    God:    Sif Muna [**....]
Gold:   356        SH:  0    Dex: 11    Spells: 6/20 levels left

rFire    . . .     SeeInvis .   a - +1 spear (venom)
rCold    + . .     Gourm    .   (no shield)
rNeg     . . .     Faith    .   (armour unavailable)
rPois    .         Spirit   .   (helmet restricted)
rElec    .         Reflect  .   t - +0 cloak
rCorr    .         Harm     .   m - +0 pair of gloves
MR       .....                  (no boots)
Stlth    ++........             E - amulet of regeneration
HPRegen  0.60/turn              y - ring of ice
MPRegen  0.16/turn              j - ring of wizardry

@: lethally poisoned (0 -> -4)
A: breathe fire, unfitting armour, fire resistance 1, cold-blooded, AC +7
a: Breathe Fire, Channel Magic, Renounce Religion


You were on level 9 of the Dungeon.
You worshipped Sif Muna.
Sif Muna was pleased with you.
You were hungry.

You visited 2 branches of the dungeon, and saw 10 of its levels.

You collected 356 gold pieces.

Inventory:

Hand Weapons
 a - a +1 spear of venom (weapon)
 o - a +0 dagger of flaming
 D - a +1 dagger of draining
Armour
 m - a +0 pair of gloves (worn)
 t - a +0 cloak (worn)
Jewellery
 h - an uncursed ring of fire
 j - a ring of wizardry (right hand)
 n - an uncursed ring of protection from cold
 y - a ring of ice (left hand)
 E - an amulet of regeneration (around neck)
Wands
 x - a wand of paralysis (18)
 z - a wand of flame (23)
 F - a wand of iceblast (13)
Scrolls
 c - a scroll of blinking {unknown}
 e - 6 scrolls of teleportation
 f - 4 scrolls of remove curse
 k - 4 scrolls of amnesia {unknown}
 p - a scroll of immolation {unknown}
 q - a scroll of random uselessness {unknown}
 s - a scroll of fear {unknown}
 B - a scroll of magic mapping {unknown}
 C - a scroll of enchant weapon {unknown}
 G - a scroll of brand weapon {unknown}
 H - a scroll of fog {unknown}
Potions
 d - 3 potions of haste {unknown}
 g - a potion of brilliance
 i - a potion of cancellation
 l - 3 potions of invisibility
 u - 3 potions of mutation
 v - a potion of lignification
 w - a potion of agility
 A - 2 potions of flight
 I - a potion of curing
Comestibles
 b - 18 rations
 r - 14 chunks of flesh


   Skills:
 - Level 1.7 Dodging
 - Level 1.7 Stealth
 - Level 6.2 Spellcasting
 + Level 6.9 Conjurations
 - Level 4.0 Summonings
 + Level 6.6 Ice Magic
 + Level 6.3 Invocations


You had 6 spell levels left.
You knew the following spells:

 Your Spells              Type           Power        Failure   Level  Hunger
a - Freeze                Ice            ####         1%          1    None
b - Throw Frost           Conj/Ice       #####.       1%          2    None
c - Throw Icicle          Conj/Ice       #####...     2%          4    ####...
d - Summon Ice Beast      Ice/Summ       #####...     4%          4    ####...
s - Ozocubu's Armour      Chrm/Ice       ####....     3%          3    ##.....

Your spell library contained the following spells:

 Spells                   Type           Power        Failure   Level  Hunger


Dungeon Overview and Level Annotations

Branches:
Dungeon (9/15)             Temple (1/1) D:4
   Lair: D:8-11         Orc: D:9-12

Altars:
Ashenzari
Cheibriados
Dithmenos
Elyvilon
Fedhas
Hepliaklqana
Nemelex Xobeh
Okawaru
Qazlal
Ru
Sif Muna
Trog
Uskayaw
Wu Jian
Xom
Yredelemnul
The Shining One


Innate Abilities, Weirdness & Mutations

You can breathe blasts of fire.
Your fiery red scales are hard. (AC +7)
You cannot fit into any form of body armour.
Your flesh is heat resistant. (rF+)
You are cold-blooded and may be slowed by cold attacks.


Message History

You are more poisoned.
The killer bee poisons you!
Unknown command.
You feel sick. The killer bee closely misses you.
Your magical contamination has completely faded away.
You feel sick. The killer bee stings you.
You are more poisoned.
The killer bee poisons you!
You feel sick. The killer bee closely misses you.
You feel sick. The killer bee barely misses you.
You feel sick. The killer bee misses you.
You feel sick. The killer bee barely misses you.
The orc warrior hits you from afar with a +0 halberd.
* * * LOW HITPOINT WARNING * * *
An orc comes into view.
The killer bee stings you.
* * * LOW HITPOINT WARNING * * *
You feel sick. The killer bee barely misses you.
You feel sick. The killer bee stings you!
You die...

.......<..# #......#
.......÷..# #......#
..........# ####.#####
########.## #.....#
#........# ######.##
###'######## #.......#
#.......... ###.......#
###..........####.o.......#
#.'..........#..@y#.......#
#.#..........'.####.o.....#
[.#..........# #.......#
###########'# #.......#
#.......# ######o## ##...#
#.†### #.##


You could see an orc warrior and a killer bee.

Vanquished Creatures
  Sigmund (D:2)
  A yak (D:4)
  6 ice beasts
  An orc warrior (D:6)
  2 sky beasts
  3 ogres
  A big kobold (D:7)
  2 bullfrogs
  A scorpion (D:6)
  A wyvern skeleton (D:8)
  3 killer bees (D:9)
  3 crimson imps
  A howler monkey (D:7)
  6 hounds
  A quasit (D:6)
  4 orc priests
  A jelly (D:6)
  4 orc wizards
  3 iguanas
  Jessica (D:2)
  Terence (D:3)
  4 worker ants
  10 adders
  3 shadow imps
  An ooze (D:1)
  2 worms
  A dart slug (D:2)
  8 leopard geckos
  27 orcs
  4 bats
  3 giant cockroaches
  12 goblins
  10 hobgoblins
  3 jackals
  7 quokkas
  2 ball pythons
  A frilled lizard (D:3)
  A giant cockroach zombie (D:5)
  A jackal skeleton (D:7)
  11 kobolds
  12 rats
170 creatures vanquished.

Vanquished Creatures (collateral kills)
  Joseph (D:9)
  A hippogriff (D:9)
  A hungry ghost (D:9)
  An orc warrior (D:9)
  A scorpion (D:9)
  A killer bee (D:9)
  A crimson imp (D:9)
  An orc priest (D:9)
  A shadow imp (D:6)
  4 orcs (D:9)
13 creatures vanquished.

Vanquished Creatures (others)
  6 fungi (D:9)
  5 plants (D:9)
11 creatures vanquished.

Grand Total: 194 creatures vanquished

Notes
Turn   | Place    | Note
-------+----------+-------------------------------------------
     0 | D:1      | mopl the Draconian Ice Elementalist began the quest for the
                  | Orb.
     0 | D:1      | Reached XP level 1. HP: 14/14 MP: 3/3
   342 | D:1      | Reached XP level 2. HP: 20/20 MP: 3/5
   780 | D:1      | Reached XP level 3. HP: 21/26 MP: 4/7
   802 | D:1      | Learned a level 2 spell: Throw Frost
   934 | D:2      | Learned a level 3 spell: Ozocubu's Armour
   969 | D:2      | Noticed Jessica
   988 | D:2      | Killed Jessica
  1064 | D:2      | Reached XP level 4. HP: 19/33 MP: 3/8
  1301 | D:2      | Noticed Sigmund
  1371 | D:2      | Killed Sigmund
  1371 | D:2      | Reached XP level 5. HP: 16/38 MP: 0/10
  1617 | D:2      | Learned a level 4 spell: Throw Icicle
  1741 | D:2      | Found a bloodstained altar of Trog.
  1743 | D:2      | Found an iron altar of Okawaru.
  2296 | D:3      | Noticed Terence
  2311 | D:3      | Killed Terence
  2311 | D:3      | Reached XP level 6. HP: 31/45 MP: 5/11
  2686 | D:3      | Reached skill level 5 in Ice Magic
  2798 | D:3      | Found a basalt altar of Yredelemnul.
  3527 | D:4      | Found a snail-covered altar of Cheibriados.
  3576 | D:4      | Found a staircase to the Ecumenical Temple.
  3581 | Temple   | Entered the Ecumenical Temple
  3822 | D:4      | Found a shimmering blue altar of Sif Muna.
  3825 | D:4      | Became a worshipper of Sif Muna the Loreminder
  3906 | D:4      | Noticed a yak
  3996 | D:4      | Found an iron altar of Okawaru.
  4150 | D:4      | Reached skill level 1 in Invocations
  4150 | D:4      | Your scales start taking on a fiery red colour.
  4150 | D:4      | Reached XP level 7. HP: 35/50 MP: 7/13
  4150 | D:4      | Gained mutation: Your flesh is heat resistant. (rF+) [Red
                  | Draconian growth]
  4189 | D:4      | Killed a yak
  4336 | D:5      | Entered Level 5 of the Dungeon
  4383 | D:5      | Learned a level 4 spell: Summon Ice Beast
  4515 | D:5      | Found a sparkling altar of Nemelex Xobeh.
  4548 | D:5      | Reached skill level 1 in Summonings
  4835 | D:5      | Found a blossoming altar of Fedhas.
  4965 | D:5      | Reached * piety under Sif Muna
  4965 | D:5      | Reached skill level 5 in Spellcasting
  5022 | D:6      | Reached XP level 8. HP: 25/57 MP: 8/15
  5209 | D:6      | Reached skill level 5 in Ice Magic
  5618 | D:6      | Reached skill level 5 in Conjurations
  6813 | D:8      | Reached XP level 9. HP: 59/62 MP: 14/17
  6930 | D:8      | Reached ** piety under Sif Muna
  7334 | D:8      | Reached skill level 5 in Invocations
  7386 | D:9      | Noticed Joseph
  7397 | D:9      | Killed Joseph
  7605 | D:9      | Slain by a killer bee

Levels and vault maps discovered:
D:1:      saegor_arrival_miasma, layout_loops_ring, minmay_3d_cube
D:2:      layout_basic, chequers_temple_overflow_statue_of_worship,
          uniq_jessica, uniq_sigmund
D:3:      layout_loops_corners, lemuel_crystal_altar, uniq_terence
D:4:      minmay_clustersquares, layout_rooms, lemuel_blue_sif_altar,
          cheibriados_altar_1, temple_doors_ab, first_ration,
          okawaru_ov_weapons_minmay
D:5:      layout_gridville, kennysheep_mini, fedhas_altar_2
D:6:      layout_basic, nicolae_overflow_hidden_temple
D:7:      layout_loops_ring
D:8:      layout_loops_ring
D:9:      layout_roguey, grunt_temple_overflow_gold_and_silver,
          makhleb_heckhound_becter, dpeg_oklobed_lair, billiards_dpeg,
          uniq_erica, uniq_joseph
Temple:   minmay_temple_curvy_loop

Skill      XL: |  1  2  3  4  5  6  7  8  9 |
---------------+----------------------------+-----
Spellcasting   | 3 4 5 6 |  6.2
Ice Magic      | 4 4 5 6 |  6.6
Conjurations   | 2 3 4 5 6 |  6.9
Invocations    | 1 3 4 6 |  6.3
Summonings     | 1 3 4 |  4.0
Dodging        | |  1.7
Stealth        | |  1.7

Action                   |  1- 3 |  4- 6 |  7- 9 || total
-------------------------+-------+-------+-------++-------
Melee: Unarmed           |     4 |       |       ||     4
       Dagger            |       |    17 |       ||    17
       Spear             |       |     1 |   278 ||   279
       Tailslap          |       |       |    19 ||    19
 Cast: Freeze            |    60 |    97 |    70 ||   227
       Throw Frost       |       |     4 |       ||     4
       Summon Ice Beast  |       |       |    12 ||    12
       Throw Icicle      |       |       |     1 ||     1
 Abil: Breathe Fire      |       |       |    16 ||    16
  Use: Scroll            |       |     6 |     6 ||    12
 Stab: Sleeping          |       |     1 |     7 ||     8
       Distracted        |       |       |     1 ||     1
  Eat: Chunk             |     1 |     9 |    16 ||    26
Armor: Skin              |    16 |    26 |   153 ||   195
Dodge: Dodged            |    36 |    38 |   190 ||   264
